 Dungeon Crawl Stone Soup version 0.27.0-1-g7a089689b8 (webtiles) character file.

Game seed: 14880246571040724955

105 garrulousMonolith the Chopper (level 4, -2/40 HPs)
             Began as a Hill Orc Monk on Aug 2, 2021.
             Slain by a water moccasin (4 damage)
             ... on level 3 of the Dungeon.
             The game lasted 00:05:02 (3393 turns).

garrulousMonolith the Chopper (Hill Orc Monk)       Turns: 3393, Time: 00:05:02

Health: -2/40      AC:  9    Str: 13 (14) XL:     4   Next: 83%
Magic:  5/5        EV:  6    Int:  7 (10) God:
Gold:   73         SH:  0    Dex: 10 (13) Spells: 3/3 levels left

rFire    . . .     SeeInvis .   a - +1 hand axe
rCold    . . .     Faith    .   (no shield)
rNeg     . . .     Spirit   .   n - +1 chain mail
rPois    .         Reflect  .   (no helmet)
rElec    .         Harm     .   (no cloak)
rCorr    .         Rampage  .   (no gloves)
Will     .....                  (no boots)
Stlth    ..........             (no amulet)
HPRegen  0.13/turn              (no ring)
MPRegen  0.09/turn              (no ring)

@: no status effects
A: no striking features
a: no special abilities


You were on level 3 of the Dungeon.
You visited 1 branch of the dungeon, and saw 3 of its levels.

You collected 73 gold pieces.

Inventory:

Hand Weapons
 a - a +1 hand axe (weapon)
Armour
 n - a +1 chain mail (worn)
Jewellery
 j - a ring of fire
Scrolls
 m - a scroll of magic mapping
Potions
 c - 2 potions of degeneration


   Skills:
 + Level 4.1 Fighting
 * Level 5.3 Axes
 + Level 1.4 Armour
 + Level 2.9 Dodging
 - Level 1.5 Stealth
 + Level 2.1 Invocations


You had 3 spell levels left.
You didn't know any spells.
Your spell library contained the following spells:

 Spells                   Type           Power      Damage    Failure   Level
 Sting                    Tmut/Pois      0%         1d3       100%        1
 Poisonous Vapours        Pois/Air       0%         N/A       100%        2
 Olgreb's Toxic Radiance  Pois           0%         N/A       100%        4


Dungeon Overview and Level Annotations

Branches:
Dungeon (3/15)

Altars:
Gozag


Message History

It is a scroll of identify.
m - a scroll of magic mapping The water moccasin bites you but does no damage.
As you read the scroll labelled WEMMOC ZINUSAY, it crumbles to dust.
You hear a loud clanging noise!
It was a scroll of noise.
You hear a shout! x4; You hear a croak.
The water moccasin completely misses you.
As you read the scroll labelled MIRCHE JUHISH, it crumbles to dust.
It is a scroll of amnesia.
You feel forgetful for a moment. The water moccasin barely misses you.
The water moccasin bites you but does no damage.
As you read the scroll labelled MAFOIR HATIPLE, it crumbles to dust.
It is a scroll of enchant weapon.
Your +0 hand axe glows red for a moment.
The water moccasin bites you but does no damage.
As you read the scroll labelled QEAPSEC VAUSS, it crumbles to dust.
The creatures around you are filled with an inner flame!
It was a scroll of immolation.
The water moccasin bites you but does no damage.
The rat twitches its whiskers.
The water moccasin bites you.
* * * LOW HITPOINT WARNING * * *
An orc comes into view. It is wielding a +0 falchion.
The rat bites you but does no damage.
The water moccasin bites you but does no damage.
The water moccasin bites you.
* * * LOW HITPOINT WARNING * * *
A giant cockroach comes into view.
The water moccasin bites you but does no damage.
The giant cockroach barely misses you.
Found a stone staircase leading down.
The giant cockroach bites you but does no damage.
The giant cockroach barely misses you. The water moccasin closely misses you.
The water moccasin bites you.
* * * LOW HITPOINT WARNING * * *
Found a robe.
There is a stone staircase leading down here.
The water moccasin bites you.
You die...

.##.#
#.#...#.#.#####.#.#
#.# ... #
......#....##r#. .#
.#.#...#....##.# .
##..#....##.# #.
#......ro..#
...#..#...B##.#
..........###.#.
#.......S........
#......@...####.#
................#
#[...........## #
.......###.###
....... .# #......
.# ....... ..
#..##.#


You could see a water moccasin (inner flame), an orc, a giant cockroach and a
rat (inner flame).

Vanquished Creatures
  3 adders
  3 worms
  2 dart slugs
  4 orcs (D:3)
  3 ball pythons
  4 bats (D:2)
  6 endoplasms
  3 giant cockroaches
  5 goblins
  4 hobgoblins
  4 quokkas
  A frilled lizard (D:1)
  8 kobolds
  11 rats
61 creatures vanquished.

Vanquished Creatures (others)
  19 fungi (D:3)
  3 plants (D:3)
22 creatures vanquished.

Grand Total: 83 creatures vanquished

Notes
Turn   | Place    | Note
-------+----------+-------------------------------------------
     0 | D:1      | garrulousMonolith the Hill Orc Monk began the quest for the
                  | Orb.
     0 | D:1      | Reached XP level 1. HP: 19/19 MP: 1/1
   290 | D:1      | Reached XP level 2. HP: 21/27 MP: 2/2
  1031 | D:2      | Reached skill level 1 in Invocations
  1032 | D:2      | Reached XP level 3. HP: 24/33 MP: 3/3
  1333 | D:2      | Reached skill level 1 in Armour
  2038 | D:1      | Found a faded altar of an unknown god.
  2197 | D:1      | Reached XP level 4. HP: 40/40 MP: 5/5
  2302 | D:2      | Reached skill level 5 in Axes
  3063 | D:3      | Noticed a water moccasin
  3330 | D:3      | Found an opulent altar of Gozag.
  3390 | D:3      | HP: 2/40 [water moccasin (6)]
  3393 | D:3      | Slain by a water moccasin

Illustrated notes

Levels and vault maps discovered:
D:1:      noname_arrival_rooms_in_the_neighbourhood, layout_basic,
          shapermc_ecumenical_altar_starsandcircs, minmay_bisected
D:2:      layout_rooms, minmay_tromino_v4_c
D:3:      layout_basic, mainiacjoe_overflow_cross_hatched,
          mainiacjoe_overflow_boulevard, chequers_serial_rivers_micro_c,
          interstate_on_off

Skill      XL: |  1  2  3  4 |
---------------+-------------+-----
Invocations    | 1 2 |  2.1
Armour         | 1 |  1.4
Fighting       | 4 |  4.1
Axes           | 5 |  5.3
Dodging        | |  2.9
Stealth        | |  1.5

Action                   |  1- 3 |  4- 6 || total
-------------------------+-------+-------++-------
Melee: Hand axe          |   151 |   108 ||   259
  Use: Scroll            |       |     7 ||     7
       Potion            |       |     4 ||     4
 Stab: Sleeping          |     1 |       ||     1
Armor: Robe              |    23 |     1 ||    24
       Chain mail        |       |    58 ||    58
Dodge: Dodged            |    72 |    38 ||   110
